AoeStats
← ska_18

Highland

504807137Analyzed
3v3 RM · 26d ago on Sep 6, 2026· 50m 6s· 6 players
Game mode
Random Map
Map size
Normal (6 player)
Population
200
Speed
Normal
Resources
Standard
Victory
Conquest
Starting age
Dark Age
Ending age
Imperial Age
RankedLock teamsTeams togetherTeam positionsShared explorationLock speedFull tech treeHidden civsTurbo modeCheats
Victory
Defeat
🇦🇺 Goths · Australia
1050
+17
🇦🇹 Saracens · Austria
1046
+17
🇵🇱 Byzantines · Poland
1008
+19
🇮🇹 Hindustanis · Italy
1103
-19
🇮🇹 Mongols · Italy
1103
-19
🇮🇹 Ethiopians · Italy
1016
-15
ska_18
10:34 Feudal Age
8:50 Loom
12:26 Town Watch
16:50 Castle Age
15:32 Double-Bit Axe
15:29 Horse Collar
20:15 Wheelbarrow
20:00 Bow Saw
23:13 Hand Cart
26:01 Gold Mining
26:04 Stone Mining
26:37 Heavy Plow
27:50 Gold Shaft Mining
27:18 Caravan
28:00 Forging
28:47 Scale Barding Armor
32:57 Imperial Age
32:49 Iron Casting
32:04 Fletching
32:35 Chain Barding Armor
32:53 Fervor
33:05 Sanctity
34:21 Coinage
34:53 Two-Man Saw
34:19 Medium Warships
34:15 Town Patrol
34:40 Conscription
33:41 Elite Mameluke
35:52 Chemistry
35:03 Fortified Wall
34:34 Treadmill Crane
35:49 Masonry
35:34 Murder Holes
36:41 Blast Furnace
35:37 Bodkin Arrow
35:54 Bimaristan
37:00 Heavy Warships
38:01 Hoardings
38:16 Ballistics
38:34 Plate Barding Armor
38:22 Bracer
39:23 Banking
40:27 Bloodlines
40:17 Husbandry
39:39 Light Cavalry
42:08 Hussar
42:56 Siege Engineers
42:43 Guard Tower
42:38 Arrowslits
tiwaz55
2:13 Loom
12:52 Feudal Age
19:44 Castle Age
18:25 Double-Bit Axe
20:28 Wheelbarrow
19:43 Fishing Lines
21:17 Medium Warships
23:23 Horse Collar
26:29 Gold Mining
27:01 Bow Saw
27:16 Gillnets
27:50 Heavy Plow
29:33 Wheelbarrow
31:20 Gold Shaft Mining
30:36 Stone Mining
31:17 Demolition Ship
32:25 Hand Cart
36:08 Imperial Age
34:57 Stone Shaft Mining
34:32 Scale Barding Armor
35:14 Forging
36:24 Caravan
37:16 Conscription
36:20 Elite Cataphract
37:08 Husbandry
36:57 Heavy Demolition Ship
37:43 Heavy Camel Rider
39:01 Iron Casting
39:13 Heavy Warships
40:22 Chemistry
39:03 Treadmill Crane
39:44 Ballistics
39:43 Guilds
40:25 Crop Rotation
41:10 Two-Man Saw
41:15 Hoardings
41:58 Chain Barding Armor
43:50 Fletching
44:38 Plate Barding Armor
46:10 Logistica
46:33 Bodkin Arrow
Vareso
2:07 Loom
11:21 Feudal Age
12:24 Double-Bit Axe
12:24 Horse Collar
16:46 Castle Age
17:47 Bow Saw
19:16 Medium Warships
21:02 Stone Mining
21:14 Gold Mining
23:18 Wheelbarrow
23:51 Town Watch
28:20 Imperial Age
28:11 Caravan
29:05 Heavy Plow
29:51 Stone Shaft Mining
30:18 Two-Man Saw
30:53 Conscription
33:15 Squires
37:21 Hand Cart
37:09 Town Patrol
38:33 Heavy Warships
37:37 Elite Huskarl
38:18 Perfusion
38:51 Crop Rotation
39:51 Anarchy
41:32 Forging
41:23 Scale Mail Armor
46:09 Iron Casting
45:49 Chain Mail Armor
RedDeath
8:13 Loom
11:23 Feudal Age
17:59 Castle Age
16:23 Double-Bit Axe
18:04 Demolition Ship
20:02 Medium Warships
26:29 Town Watch
29:43 Fletching
31:55 Wheelbarrow
32:28 Horse Collar
35:24 Hand Cart
35:31 Caravan
36:02 Coinage
39:14 Imperial Age
37:01 Forging
36:52 Scale Mail Armor
36:57 Man-at-Arms
37:27 Arson
38:00 Bodkin Arrow
38:42 Iron Casting
38:00 Gold Mining
38:01 Stone Mining
38:23 Bow Saw
39:37 Heavy Plow
39:43 Town Patrol
39:30 Onager
39:32 Heavy Scorpion
41:17 Banking
42:30 Two-Man Saw
42:38 Gold Shaft Mining
42:50 Siege Engineers
43:06 Ballistics
43:51 Chemistry
45:53 Man-at-Arms
47:37 Long Swordsman
48:19 Squires
laigiazzu
5:12 Loom
10:28 Feudal Age
14:49 Castle Age
12:48 Double-Bit Axe
13:09 Horse Collar
16:23 Bow Saw
19:28 Heavy Plow
23:46 Wheelbarrow
23:05 Town Watch
23:51 Fletching
27:37 Hand Cart
27:13 Gold Mining
31:55 Imperial Age
30:01 Medium Warships
31:17 Scale Barding Armor
31:09 Bodkin Arrow
32:37 Stone Mining
33:22 Gold Shaft Mining
33:00 Husbandry
33:11 Bloodlines
33:29 Parthian Tactics
33:49 Bracer
33:51 Padded Archer Armor
34:12 Chain Barding Armor
34:36 Stone Shaft Mining
34:57 Heavy Warships
36:22 Conscription
36:39 Hoardings
36:27 Drill
37:42 Elite Mangudai
40:20 Caravan
40:09 Onager
41:43 Leather Archer Armor
41:38 Forging
41:53 Ballistics
42:33 Chemistry
46:13 Heavy Cavalry Archer
mustazzuni
0:32 Loom
12:34 Feudal Age
13:16 Double-Bit Axe
13:14 Horse Collar
22:13 Castle Age
23:25 Bow Saw
24:02 Medium Warships
25:48 Wheelbarrow
29:55 Hand Cart
31:02 Town Watch
31:42 Padded Archer Armor
33:26 Gold Mining
33:32 Stone Mining
34:14 Town Patrol
35:23 Caravan
35:55 Coinage
35:34 Fletching
36:27 Bodkin Arrow
40:39 Grand Trunk Road
43:20 Imperial Age
42:38 Forging
42:29 Scale Mail Armor
43:25 Gold Shaft Mining
43:29 Stone Shaft Mining
42:47 Fishing Lines
44:06 Iron Casting
43:38 Scale Barding Armor
43:53 Leather Archer Armor
44:39 Conscription
44:21 Shatagni
44:27 Heavy Camel Rider
45:46 Husbandry
45:57 Bloodlines
45:58 Imperial Camel Rider
46:36 Siege Elephant
Connection lost

Rejoining the realm…

Still unreachable

The connection could not be restored.

Session expired

The server has moved on; the page needs a fresh start.